 Dungeon Crawl Stone Soup version 0.26-b1-32-g5d43845318 (webtiles) character file.

Game seed: 7890748838393344967

84 theswoord the Insei (level 4, -8/34 HPs)
             Began as a Demonspawn Transmuter on Jan 12, 2021.
             Killed by nerve-wracking pain
             ... invoked by a shadow imp
              (13 damage)
             ... on level 2 of the Dungeon.
             The game lasted 00:03:14 (1711 turns).

theswoord the Insei (Demonspawn Transmuter)         Turns: 1711, Time: 00:03:15

Health: -8/34      AC:  5    Str: 11    XL:     4   Next: 23%
Magic:  6/7        EV: 10    Int: 14    God:
Gold:   84         SH:  0    Dex: 14    Spells: 6/7 levels left

rFire    . . .     SeeInvis .     - Unarmed
rCold    . . .     Faith    .   (no shield)
rNeg     . . .     Spirit   .   d - +0 ring mail
rPois    .         Reflect  .   (helmet currently unavailable)
rElec    .         Harm     .   (no cloak)
rCorr    .         Rampage  .   (no gloves)
Will     .....                  (boots currently unavailable)
Stlth    +.........             l - amulet of magic regeneration
HPRegen  0.11/turn              (no ring)
MPRegen  0.35/turn              (no ring)

@: appendages
A: horns 2, talons 2, powered by death 1
a: End Transformation


You were on level 2 of the Dungeon.
You had grown temporary talons.
You visited 1 branch of the dungeon, and saw 2 of its levels.

You collected 84 gold pieces.

Inventory:

Armour
 a - a +0 robe
 d - a +0 ring mail (worn)
Jewellery
 l - an amulet of magic regeneration (around neck)
Scrolls
 b - a scroll of enchant weapon {unknown}
 e - a scroll of remove curse {unknown}
 f - a scroll of random uselessness {unknown}
 h - a scroll of magic mapping {unknown}
 i - a scroll of teleportation {unknown}
 k - a scroll of identify {unknown}
Potions
 c - a potion of lignification
 g - a potion of heal wounds {unknown}
 j - a potion of attraction {unknown}


   Skills:
 + Level 2.4 Fighting
 - Level 1.7 Dodging
 + Level 3.4 Unarmed Combat
 - Level 2.0 Spellcasting
 + Level 2.7 Transmutations


You had 6 spell levels left.
You knew the following spells:

 Your Spells              Type           Power        Failure   Level
a - Beastly Appendage     Tmut           18%          19%         1

Your spell library contained the following spells:

 Spells                   Type           Power        Failure   Level
 Wereblood                Tmut           9%           28%         2
 Spider Form              Tmut/Pois      2%           69%         3
 Ice Form                 Ice/Tmut       5%           97%         4
 Blade Hands              Tmut           4%           99%         5


Dungeon Overview and Level Annotations

Branches:
Dungeon (2/15)

Altars:


Innate Abilities, Weirdness & Mutations

You have a pair of horns on your head.
You regenerate a little health from kills.
You have razor-sharp toenails.


Message History

The shadow imp hits you.
You hit the shadow imp. Your headbutt misses the shadow imp.
The shadow imp is almost dead.
The shadow imp gestures at you. Pain shoots through your body!
* * * LOW HITPOINT WARNING * * *
You closely miss the shadow imp.
The shadow imp is almost dead.
The shadow imp gestures at you. Pain shoots through your body!
* * * LOW HITPOINT WARNING * * *
You completely miss the shadow imp.
The shadow imp is almost dead.
The shadow imp barely misses you.
Casting: Beastly Appendage (safe; 19% risk of failure)
Confirm with . or Enter, or press ? or * to list all spells.
Your feet morph into talons.
The shadow imp gestures at you. Pain shoots through your body!
You die...

#.##.................
#.#.########..#######
#.#...........# #
##.#.#########.#######
#....##.... #.......##
#....#...## #######.##
#....#....#.#.....#.##
#....#......#.###.#.##
#....@5.....[.....#.##
####.#....<..........#
........######.....#
###.###.............#
#.. ..#######....# ###
.............
............
#########..#
#..........#


You could see a shadow imp.

Vanquished Creatures
  Terence (D:2)
  Robin (D:2)
  An adder (D:2)
  3 dart slugs (D:1)
  A giant cockroach (D:1)
  10 goblins
  6 hobgoblins
  A ball python (D:1)
  2 bats (D:1)
  3 frilled lizards
  2 kobolds (D:1)
  3 rats
34 creatures vanquished.

Notes
Turn   | Place    | Note
-------+----------+-------------------------------------------
     0 | D:1      | theswoord the Demonspawn Transmuter began the quest for the
                  | Orb.
     0 | D:1      | Reached XP level 1. HP: 15/15 MP: 3/3
   572 | D:1      | Mutation became permanent: You have a pair of small horns
                  | on your head. [demonic ancestry]
   572 | D:1      | Gained mutation: You have a pair of horns on your head.
                  | [demonic ancestry]
   572 | D:1      | Reached XP level 2. HP: 21/21 MP: 3/5
   744 | D:1      | Reached skill level 3 in Unarmed Combat
  1237 | D:2      | Gained mutation: You have a pair of horns on your head.
                  | [demonic ancestry]
  1237 | D:2      | Reached XP level 3. HP: 24/27 MP: 4/6
  1292 | D:2      | Noticed Terence
  1300 | D:2      | Killed Terence
  1361 | D:2      | Noticed Robin
  1386 | D:2      | Gained mutation: You regenerate a little health from kills.
                  | [demonic ancestry]
  1386 | D:2      | Reached XP level 4. HP: 31/34 MP: 7/7
  1421 | D:2      | Killed Robin
  1711 | D:2      | Killed from afar by a shadow imp

Skill      XL: |  1  2  3 |
---------------+----------+-----
Transmutations | 2 |  2.7
Unarmed Combat | 3 |  3.4
Fighting       | 2 |  2.4
Dodging        | |  1.7
Spellcasting   | |  2.0

Action                   |  1- 3 |  4- 6 || total
-------------------------+-------+-------++-------
Melee: Unarmed           |    97 |    26 ||   123
       Kick              |    16 |     1 ||    17
       Headbutt          |     7 |     5 ||    12
       Punch             |     1 |       ||     1
 Cast: Beastly Appendage |    14 |     2 ||    16
  Use: Potion            |     3 |       ||     3
Armor: Ring mail         |    26 |     3 ||    29
       Robe              |     5 |       ||     5
       Skin              |    17 |    25 ||    42
Dodge: Dodged            |    47 |     8 ||    55

Levels and vault maps discovered:
D:1:      amcnicky_arrival_choice, layout_basic
D:2:      layout_basic, uniq_terence, uniq_robin
